Map: 큐리어스 마인즈 - 래더

Players

iGMacSed (MacSed)

  • Race: Protoss Protoss
  • League: Grandmaster

Bunny - Winner!

  • Race: Terran Terran

Event: DreamHack SC2 Masters Last Chance 2022

VOD

Have the link to the VOD?

Description

Time

  • Played on: Dec. 15, 2021, 4:12 a.m.
  • Length: 5:53

All games in this series

Show
View Real Time Build Order
Export as new Build Order

iGMacSed Protoss 

Build Orders: Phoenix Opening 

Get SALT Encoding   

  12  0:00  Probe  
  13  0:12  Probe  
  14  0:18  Pylon  
  14  0:24  Probe (Chrono Boost)  
  15  0:36  Gateway  
  15  0:38  Probe (Chrono Boost)  
  16  0:43  Probe (Chrono Boost)  
  16  0:46  Assimilator  
  17  0:52  Probe  
  18  1:04  Probe  
  19  1:16  Probe  
  19  1:17  Assimilator  
  20  1:21  Pylon  
  20  1:24  Cybernetics Core  
  20  1:29  Zealot, Probe  
  23  1:41  Probe  
  24  1:47  Pylon  
  24  1:53  Probe  
  25  1:59  Adept (Chrono Boost)  
  25  2:05  Probe  
  25  2:06  Stargate  
  28  2:14  Warp Gate  
  28  2:17  Probe  
  28  2:21  Adept  
  31  2:36  Pylon  
  31  2:42  Void Ray (Chrono Boost)  
  35  3:09  Nexus  
  35  3:16  Phoenix (Chrono Boost)  
  35  3:18  Probe  
  38  3:36  Phoenix  
  40  3:50  Probe  
  40  3:52  Robotics Facility  
  41  4:01  Phoenix (Chrono Boost)  
  41  4:02  Probe  
  44  4:12  Stalker  
  44  4:14  Assimilator, Probe  
  47  4:23  Probe  
  48  4:26  Probe  
  48  4:27  Phoenix (Chrono Boost)  
  51  4:35  Probe (Chrono Boost)  
  52  4:39  Stalker  
  52  4:40  Probe (Chrono Boost)  
  55  4:47  Observer, Probe (Chrono Boost)  
  55  4:51  Pylon  
  58  4:55  Probe (Chrono Boost)  
  58  4:56  Probe (Chrono Boost)  
  58  4:58  Gateway  
  59  5:02  Probe  
  59  5:04  Phoenix  
  62  5:09  Probe  
  63  5:14  Probe  
  63  5:20  Stalker  
  66  5:21  Probe  
  66  5:27  Probe  
  68  5:29  Assimilator  
  70  5:38  Probe  
  59  5:46  Stalker  
Show
View Real Time Build Order
Export as new Build Order

Bunny Terran - Winner!

Build Orders:  

Get SALT Encoding   

  12  0:00  SCV  
  13  0:12  SCV  
  14  0:17  Supply Depot  
  14  0:24  SCV  
  15  0:38  SCV  
  15  0:40  Barracks  
  16  0:44  Refinery  
  16  0:50  SCV  
  17  1:02  SCV  
  17  1:03  Engineering Bay  
  18  1:14  SCV  
  19  1:28  Orbital Command  
  19  1:30  Barracks Reactor  
  19  1:44  Supply Depot  
  19  1:54  SCV  
  20  2:06  Command Center  
  20  2:07  SCV  
  21  2:09  Marine  
  21  2:11  Marine  
  23  2:19  SCV  
  24  2:23  Factory  
  24  2:28  Marine  
  24  2:29  Marine  
  25  2:31  SCV  
  27  2:37  Supply Depot, Refinery  
  27  2:46  Marine  
  27  2:47  SCV, Marine  
  30  2:52  Bunker  
  30  2:59  SCV  
  30  3:04  Marine  
  30  3:05  Marine  
  33  3:07  Factory Tech Lab  
  33  3:10  Bunker  
  32  3:13  SCV  
  33  3:25  Cyclone, Mag-Field Accelerator  
  36  3:28  Marine  
  36  3:32  Marine  
  38  3:34  SCV  
  39  3:42  Orbital Command  
  38  3:50  Marine x2  
  38  3:55  SCV  
  41  3:57  Cyclone  
  44  4:03  Starport  
  44  4:08  SCV  
  44  4:09  SCV  
  46  4:14  Marine x2  
  48  4:20  Supply Depot  
  48  4:23  SCV x2  
  50  4:29  Cyclone  
  53  4:36  SCV  
  54  4:41  Medivac, SCV, Marine x2  
  59  4:45  Supply Depot  
  59  4:50  SCV  
  60  4:53  SCV  
  60  4:59  Marine  
  62  5:06  Supply Depot  
  62  5:07  SCV x2, Cyclone, Marine  
  62  5:12  Barracks  
  68  5:17  Marine  
  68  5:20  SCV x2  
  69  5:24  Marine  
  69  5:25  Engineering Bay  
  69  5:26  Starport Tech Lab  
  70  5:30  Refinery  
  70  5:32  SCV x2  

Tags
 
Add a new tag
Caveats
  • Supply blocks, unpowered buildings, or Contaminate may cause inaccurate times.
  • Supply counts are checked every 10 seconds.